Map: Distant Plane

Players

Akilis

  • Race: Terran Terran
  • League: Diamond
  • Spawn Location: 5:00

czarny

  • Race: Zerg Zerg
  • League: Diamond
  • Spawn Location: 5:00

Railgan - Winner!

  • Race: Terran Terran
  • League: Grandmaster
  • Spawn Location: 7:00

PowliOP - Winner!

  • Race: Zerg Zerg
  • League: Diamond
  • Spawn Location: 7:00

VOD

Have the link to the VOD?

Description

Time

  • Played on: March 7, 2017, 5:41 p.m.
  • Length: 7:05
Show
View Real Time Build Order
Export as new Build Order

Akilis Terran 

Build Orders: Reaper Expand, Hellion Banshee 

Get SALT Encoding   

  12  0:00  SCV  
  13  0:13  SCV  
  14  0:17  Supply Depot  
  14  0:25  SCV  
  15  0:39  SCV  
  15  0:40  Barracks  
  16  0:43  Refinery  
  16  0:56  SCV  
  17  1:08  SCV  
  18  1:20  SCV  
  19  1:30  Reaper  
  19  1:32  Orbital Command  
  20  1:45  Command Center  
  20  1:56  Supply Depot  
  20  2:01  SCV  
  21  2:04  Marine  
  22  2:10  Factory  
  22  2:17  SCV  
  23  2:23  Barracks Reactor  
  23  2:32  SCV  
  23  2:36  Bunker  
  24  2:44  SCV  
  25  2:58  Refinery  
  25  3:09  Orbital Command  
  25  3:12  SCV  
  25  3:16  Hellion x2  
  29  3:20  Barracks Tech Lab, Starport  
  29  3:24  SCV  
  30  3:36  SCV  
  30  3:38  Hellion x2  
  30  3:40  SCV  
  36  3:47  Supply Depot  
  31  4:10  Hellion x2  
  31  4:17  SCV  
  32  4:24  Bunker  
  32  4:26  Banshee  
  32  4:27  Marine  
  34  4:32  Hellion x2  
  35  4:42  SCV  
  35  4:50  SCV  
  34  5:03  Marine  
  31  5:17  Cyclone x2  
  31  5:20  Marine  
  31  5:21  SCV x2  
  36  5:30  Viking  
  36  5:33  SCV  
  38  5:38  Marine  
  36  5:47  SCV  
  37  5:51  Orbital Command  
  37  5:54  Supply Depot  
  37  5:56  Marine  
  31  6:05  SCV  
  31  6:06  Hellion  
  31  6:07  Hellion  
  35  6:17  SCV x2  
  37  6:29  SCV  
  37  6:30  Engineering Bay  
  33  6:50  SCV  
Show
View Real Time Build Order
Export as new Build Order

czarny Zerg 

Build Orders: Hatch First 

Get SALT Encoding   

  12  0:00  Drone  
  13  0:08  Drone  
  14  0:18  Overlord  
  14  0:36  Drone x3  
  17  0:47  Drone  
  18  1:03  Drone  
  19  1:05  Hatchery  
  18  1:14  Spawning Pool  
  18  1:17  Extractor, Drone  
  17  1:22  Drone  
  18  1:30  Drone  
  19  1:44  Drone  
  20  1:53  Drone  
  21  2:02  Overlord  
  21  2:05  Extractor, Queen  
  22  2:17  Queen  
  22  2:18  Drone x2  
  26  2:26  Drone  
  27  2:30  Drone  
  27  2:31  Metabolic Boost  
  27  2:35  Drone  
  29  2:43  Drone  
  30  2:46  Drone  
  30  2:50  Overlord  
  31  2:58  Drone  
  31  3:03  Lair  
  31  3:05  Drone  
  33  3:08  Extractor  
  33  3:09  Drone  
  33  3:10  Extractor  
  32  3:14  Drone x2  
  32  3:16  Drone x2  
  36  3:22  Drone  
  36  3:23  Drone  
  38  3:29  Zergling x6  
  41  3:36  Drone x2  
  43  3:42  Overlord  
  43  3:46  Drone  
  44  3:48  Overlord  
  41  4:07  Zergling x10  
  43  4:19  Zergling x8  
  43  4:20  Zergling x2  
  36  4:31  Drone x3  
  39  4:42  Drone x2  
  40  4:48  Spire  
  31  4:55  Zergling x2  
  31  4:56  Zergling x4  
  34  5:04  Zergling x6  
  37  5:09  Zergling x2  
  20  5:35  Spore Crawler  
  13  5:39  Drone  
  13  5:40  Drone x5  
  4  6:25  Drone  
  5  6:29  Drone  
Show
View Real Time Build Order
Export as new Build Order

Railgan Terran - Winner!

Build Orders: 1/1/1, Cyclone Opening 

Get SALT Encoding   

  12  0:01  SCV  
  13  0:13  SCV  
  14  0:18  Supply Depot  
  14  0:25  SCV  
  15  0:30  Refinery  
  15  0:41  SCV  
  16  0:45  Barracks  
  16  0:53  SCV  
  17  1:05  Refinery, SCV  
  18  1:17  SCV  
  19  1:29  SCV  
  20  1:38  Factory  
  20  1:43  Barracks Reactor, Orbital Command  
  20  1:53  Supply Depot  
  20  2:09  SCV  
  20  2:12  Factory  
  21  2:21  SCV  
  22  2:25  Starport  
  22  2:33  SCV  
  22  2:36  Supply Depot  
  25  2:38  Hellion  
  25  2:45  SCV  
  25  2:54  Hellion  
  25  2:56  Liberator  
  25  2:57  SCV  
  28  2:59  Cyclone  
  31  3:17  SCV  
  31  3:18  Supply Depot  
  35  3:22  Widow Mine  
  37  3:33  Supply Depot  
  37  3:40  Cyclone  
  40  3:42  Liberator  
  40  3:43  Hellion  
  42  4:01  Hellion  
  47  4:04  Hellion  
  47  4:12  Hellion  
  49  4:24  Cyclone  
  47  4:39  Hellion  
  47  4:43  SCV  
  48  4:52  Cyclone, Liberator  
  49  5:11  Hellion x2  
  53  5:19  Supply Depot  
  49  5:24  Cyclone  
  52  5:36  Liberator, Hellion x2  
  51  6:06  Widow Mine x2  
  51  6:10  Factory Tech Lab  
  46  7:03  Armory  
Show
View Real Time Build Order
Export as new Build Order

PowliOP Zerg - Winner!

Build Orders: Pool First 

Get SALT Encoding   

  12  0:01  Drone  
  13  0:08  Drone  
  14  0:14  Extractor  
  14  0:16  Drone  
  15  0:23  Overlord  
  15  0:41  Drone x2  
  17  0:44  Drone  
  17  0:49  Extractor  
  17  0:52  Spawning Pool  
  17  0:55  Drone  
  17  1:08  Drone  
  18  1:21  Hatchery  
  18  1:22  Drone  
  18  1:27  Drone  
  19  1:38  Queen  
  21  1:42  Zergling x2  
  22  1:52  Evolution Chamber  
  22  1:53  Drone  
  22  2:05  Overlord  
  22  2:09  Metabolic Boost  
  22  2:22  Overlord  
  22  2:23  Queen  
  22  2:29  Drone  
  25  2:31  Zerg Melee Weapons Level 1  
  25  2:36  Drone  
  26  2:48  Zergling x8  
  30  2:56  Spore Crawler  
  30  2:58  Extractor  
  27  3:00  Zergling x2  
  29  3:11  Zergling x8  
  34  3:24  Zergling x4  
  36  3:33  Baneling Nest  
  35  3:34  Zergling x4  
  37  3:43  Zergling x2  
  38  4:02  Zergling x8  
  36  4:14  Zergling x8  
  38  4:20  Zergling x6  
  37  4:31  Zergling x10  
  38  5:07  Zergling x4  
  38  5:08  Zergling x8  
  41  5:17  Zergling x4  
  41  5:18  Zergling x2  
  41  5:19  Overlord x2  
  43  5:22  Spore Crawler  
  43  5:27  Spore Crawler  
  36  5:40  Zergling x2  
  36  5:41  Zergling x10  
  40  5:56  Zergling x8  
  42  6:01  Queen  
  42  6:02  Drone  
  40  6:12  Drone x3  
  40  6:13  Drone  
  43  6:25  Drone x3  
  46  6:35  Drone x2  
  48  6:44  Drone x3  
  51  6:50  Drone  
Tags
 
Add a new tag
Caveats
  • Supply blocks, unpowered buildings, or Contaminate may cause inaccurate times.
  • Supply counts are checked every 10 seconds.